 Dungeon Crawl Stone Soup version 0.30-a0-341-g682706514a (webtiles) character file.

Game seed: 4669935970557790198

2266 LnG the Covert (level 9, -2/49 HPs)
             Began as a Kobold Summoner on Nov 4, 2022.
             Shot with a bolt by an orc warrior (14 damage)
             ... in a bailey.
             The game lasted 00:15:14 (6815 turns).

LnG the Covert (Kobold Summoner)                    Turns: 6815, Time: 00:15:15

Health: -2/49      AC:  3    Str:  5    XL:     9   Next: 65%
Magic:  3/17       EV: 17    Int: 27    God:
Gold:   295        SH:  0    Dex: 15    Spells: 6/19 levels left

rFire   + . .      SeeInvis .    f - +1 dagger (venom)
rCold   . . .      Faith    .    (no shield)
rNeg    . . .      Spirit   .    c - +0 robe {rF+}
rPois   .          Reflect  .    (no helmet)
rElec   .          Harm     .    u - +0 cloak
rCorr   .          Rampage  .    (no gloves)
Will    .....                    (no boots)
Stlth   +++++.....               (no amulet)
HPRegen 0.28/turn                y - +6 ring of intelligence
MPRegen 0.15/turn                (no ring)

@: studying Fire Magic
A: small, no large weapons, nightstalker 3
a: no special abilities


You were in a bailey.
You visited 2 branches of the dungeon, and saw 8 of its levels.
You also visited: Bailey.

You collected 295 gold pieces.

Inventory:

Hand Weapons
 e - a +0 dagger
 f - a +1 dagger of venom (weapon)
 s - a +1 rapier of chaos
Armour
 a - a +0 robe
 c - a +0 robe of fire resistance (worn)
 u - a +0 cloak (worn)
 x - a +2 leather armour of cold resistance
 D - +0 acid dragon scales
Jewellery
 i - a ring of ice
 y - a +6 ring of intelligence (left hand)
 E - an amulet of faith
Wands
 v - a wand of paralysis (21)
Scrolls
 j - a scroll of vulnerability
 l - a scroll of magic mapping
 p - a scroll of blinking {unknown}
 t - 3 scrolls of teleportation
 B - a scroll of acquirement {unknown}
 C - a scroll of immolation
Potions
 b - 2 potions of magic
 d - a potion of attraction {unknown}
 g - 2 potions of flight {unknown}
 h - 2 potions of berserk rage {unknown}
 k - a potion of invisibility {unknown}
 n - 2 potions of degeneration {unknown}
 o - a potion of lignification {unknown}
 q - a potion of cancellation {unknown}
 r - a potion of heal wounds {unknown}
 w - a potion of brilliance {unknown}
 z - 2 potions of ambrosia {unknown}
 A - a potion of might


   Skills:
 + Level 2.5 Fighting
 + Level 4.3 Short Blades
 + Level 1.0 Armour
 * Level 6.7 Dodging
 * Level 9.7 Stealth
 + Level 5.8 Spellcasting
 + Level 6.3 Summonings
 + Level 1.2 Air Magic
 + Level 0.4 Evocations


You had 6 spell levels left.
You knew the following spells:

 Your Spells              Type           Power      Damage    Failure   Level
a - Summon Small Mammal   Summ           100%       N/A       1%          1
b - Call Imp              Summ           41%        N/A       1%          2
c - Call Canine Familiar  Summ           41%        N/A       1%          3
d - Summon Guardian Gole  Hex/Summ       24%        N/A       5%          3
e - Summon Lightning Spi  Summ/Air       28%        N/A       14%         4

Your spell library contained the following spells:

 Spells                   Type           Power      Damage    Failure   Level
 Slow                     Hex            28%        N/A       7%          1
 Confusing Touch          Hex            7%         N/A       21%         3
 Inner Flame              Hex/Fire       7%         N/A       21%         3
 Vampiric Draining        Necr           7%         2d6       21%         3
 Cause Fear               Hex            3%         N/A       54%         4
 Discord                  Hex            3%         N/A       100%        8


Dungeon Overview and Level Annotations

Branches:
Dungeon (7/15)             Temple (1/1) D:6          Bailey (1/1)

Altars:
Ashenzari
Cheibriados
Elyvilon
Fedhas
Hepliaklqana
Kikubaaqudgha
Makhleb
Okawaru
Qazlal
Ru
Trog
Uskayaw
Vehumet
Wu Jian
Xom
Yredelemnul
The Shining One


Innate Abilities, Weirdness & Mutations

You are small and have problems with some larger weapons.
You are completely attuned to the shadows.


Message History

The orc warrior dies!
You hear a shout!
You start resting.
Your lightning spire shoots out a bolt of lightning at the orc warrior!
The bolt of electricity hits the orc warrior!
The orc warrior shoots a bolt.
The bolt hits your lightning spire!
Your lightning spire shoots out a bolt of lightning at the orc warrior!
The bolt of electricity hits the orc warrior!
The orc warrior dies!
Unknown command.
Your lightning spire shoots out a bolt of lightning at the orc!
The bolt of electricity misses the orc.
An orc is nearby!
Unknown command.
The orc shoots a bolt.
The bolt hits you!
Casting: Summon Lightning Spire (quite dangerous; 14% risk of failure)
Confirm with . or Enter, or press ? or * to list all spells.
The orc unwields a +0 arbalest.
The orc barely misses you.
The orc warrior unwields a +0 arbalest.
The orc warrior hits your hound.
Unknown command.
You completely miss the orc.
Your hound bites the orc warrior but does no damage.
You hit the orc warrior.
The orc warrior is poisoned.
The orc warrior is lightly wounded.
Your hound completely misses the orc warrior.
The orc wields a +0 arbalest.
The orc shoots a bolt.
The bolt hits your hound!
Your hound misses the orc warrior.
Unknown command.
Casting: Call Canine Familiar (safe; 1% risk of failure)
Confirm with . or Enter, or press ? or * to list all spells.
A beastly little devil appears in a puff of frigid air.
Your hound barely misses the orc warrior.
The orc warrior wields a +0 arbalest.
The orc warrior shoots a bolt.
The bolt hits you!
* * * LOW HITPOINT WARNING * * *
The orc unwields a +0 arbalest.
The orc misses your hound.
Your hound barely misses the orc warrior.
Your hound barely misses the orc warrior.
The orc warrior shoots a bolt.
The bolt hits you!
You die...

################
................
................
.......................
........................
≈≈≈.................≈≈≈≈
#≈≈...8...........≈≈###
#.##≈o..@...........≈##.#
.o..oh...................
#.∩#≈....5..........≈#∩)#
#.##≈......###......≈##)#
≈.≈≈≈...#### ####...≈≈≈.≈
......## ##....)..
.....## ...... .....#
...... ...# #.....


You could see an orc warrior (very poisoned, ally target), an orc (ally target),
a friendly lightning spire (summoned), a friendly hound (summoned) and a
friendly white imp (summoned).

Vanquished Creatures
  2 nameless horrors
  A steam dragon (D:6)
  An acid dragon (D:6)
  An orc warrior (Bailey)
  A sky beast (D:6)
  An ice beast (D:5)
  A black bear (D:5)
  A bullfrog (D:6)
  A scorpion (D:5)
  A gnoll sergeant (D:6)
  A howler monkey (D:6)
  A jelly (D:6)
  A hound (D:6)
  2 orc priests (D:4)
  A gnoll bouda (D:4)
  Ijyb (D:4)
  7 iguanas
  An orc wizard (D:4)
  5 gnolls
  3 adders
  2 ufetubi
  2 dart slugs
  11 orcs
  3 bats
  5 endoplasms
  2 giant cockroaches
  9 goblins
  4 hobgoblins
  4 jackals (D:4)
  4 kobolds
  3 quokkas
  7 ball pythons
  A frilled lizard (D:1)
  3 rats
94 creatures vanquished.

Vanquished Creatures (collateral kills)
  Sigmund (D:6)
  2 orc warriors (Bailey)
  A black bear (D:6)
  2 ice beasts (D:5)
  Blork the orc (D:4)
  A bullfrog (D:6)
  A scorpion (D:6)
  2 hounds
  A gnoll (D:6)
  A dart slug (D:1)
  4 orcs (D:5)
  2 ball pythons (D:1)
  An endoplasm (D:1)
  A giant cockroach (D:1)
  4 goblins (D:1)
  2 hobgoblins (D:1)
27 creatures vanquished.

Vanquished Creatures (others)
  A plant (D:3)
1 creature vanquished.

Grand Total: 122 creatures vanquished

Notes
Turn   | Place    | Note
-------+----------+-------------------------------------------
     0 | D:1      | LnG the Kobold Summoner began the quest for the Orb.
     0 | D:1      | Reached XP level 1. HP: 10/10 MP: 3/3
   148 | D:1      | Reached XP level 2. HP: 15/15 MP: 1/5
   152 | D:1      | Reached skill level 3 in Stealth
   175 | D:1      | Learned a level 2 spell: Call Imp
   370 | D:1      | Reached XP level 3. HP: 19/19 MP: 6/6
   374 | D:1      | Learned a level 3 spell: Call Canine Familiar
   524 | D:1      | Found a faded altar of an unknown god.
  1349 | D:2      | Found a broken altar of Ashenzari.
  1820 | D:2      | Reached skill level 1 in Short Blades
  1899 | D:3      | Reached XP level 4. HP: 24/24 MP: 7/7
  2183 | D:3      | Reached skill level 4 in Stealth
  2400 | D:3      | Found a white marble altar of Elyvilon.
  2519 | D:4      | Noticed Ijyb
  2522 | D:4      | Paralysed by Ijyb for 4 turns
  2530 | D:4      | Killed Ijyb
  2588 | D:4      | Reached XP level 5. HP: 28/28 MP: 8/8
  2664 | D:4      | Reached skill level 5 in Stealth
  2883 | D:4      | Reached skill level 1 in Fighting
  2883 | D:4      | Reached skill level 6 in Stealth
  2883 | D:4      | Reached XP level 6. HP: 15/34 MP: 3/9
  3007 | D:4      | Noticed Blork the orc
  3007 | D:4      | HP: 1/34 [orc priest/+0 hand axe (5)]
  3174 | D:4      | Killed Blork the orc
  3202 | D:4      | Reached XP level 7. HP: 32/38 MP: 4/11
  3457 | D:5      | Entered Level 5 of the Dungeon
  3496 | D:5      | Reached skill level 7 in Stealth
  4000 | D:5      | Reached skill level 1 in Armour
  4000 | D:5      | Reached skill level 5 in Summonings
  4000 | D:5      | Reached XP level 8. HP: 9/43 MP: 6/14
  4129 | D:5      | Learned a level 3 spell: Summon Guardian Golem
  4134 | D:5      | Learned a level 4 spell: Summon Lightning Spire
  4518 | D:5      | Reached skill level 5 in Dodging
  5175 | D:6      | Reached skill level 8 in Stealth
  5339 | D:6      | Reached skill level 5 in Spellcasting
  5339 | D:6      | Reached XP level 9. HP: 34/48 MP: 7/16
  5346 | D:6      | Noticed a nameless horror
  5483 | D:6      | Killed a nameless horror
  5671 | D:6      | Noticed Sigmund
  5678 | D:6      | Killed Sigmund
  5679 | D:6      | Reached skill level 9 in Stealth
  5932 | D:6      | Found a staircase to the Ecumenical Temple.
  5938 | Temple   | Entered the Ecumenical Temple
  6301 | D:6      | Reached skill level 1 in Air Magic
  6590 | D:7      | Found a flagged portal.
  6596 | Bailey   | Entered a bailey
  6815 | Bailey   | Shot with a bolt by an orc warrior

Illustrated notes

Levels and vault maps discovered:
D:1:      co_arrival_random_square_maze, layout_loops_ring,
          shapermc_ecumenical_altar_notcrosses, chequers_decorated_corner
D:2:      layout_basic, basic_altar
D:3:      layout_rooms, nicolae_elyvilon_temple_path, minmay_misc_feat_doors
D:4:      layout_cave_pools, minmay_stone_trees_small, nrook_mini_vaults,
          uniq_ijyb, uniq_blork_the_orc
D:5:      layout_layer_cave, chequers_serial_rivers_small_a, st_stairs_4
D:6:      layout_rooms, minmay_temple_entry_statues_fountains,
          grunt_decor_arrowhead, minmay_manual_mail, uniq_sigmund
D:7:      lemuel_slime, layout_basic, mainiacjoe_overflow_alcove_1,
          enter_bailey_2
Temple:   lightli_temple_of_artemis
Bailey:   bailey_polearm_2, bailey

Skill      XL: |  1  2  3  4  5  6  7  8  9 |
---------------+----------------------------+-----
Stealth        | 3 4 6 7 8 9 |  9.7
Dodging        | 3 4 6 |  6.7
Short Blades   | 1 2 3 4 |  4.3
Fighting       | 1 2 |  2.5
Spellcasting   | 4 5 |  5.8
Armour         | 1 |  1.0
Summonings     | 5 6 |  6.3
Air Magic      | 1 |  1.2
Evocations     | |  0.4

Action                   |  1- 3 |  4- 6 |  7- 9 || total
-------------------------+-------+-------+-------++-------
Melee: Unarmed           |    21 |       |       ||    21
       Dagger            |    58 |    67 |   180 ||   305
       Punch             |       |       |     2 ||     2
 Cast: Summon Small Mamm |     8 |     1 |     2 ||    11
       Call Imp          |     5 |     1 |     9 ||    15
       Call Canine Famil |       |     5 |    18 ||    23
       Summon Lightning  |       |       |     5 ||     5
Evoke: Wand              |       |     2 |       ||     2
  Use: Scroll            |     1 |     6 |     5 ||    12
 Stab: Sleeping          |    15 |     9 |    12 ||    36
       Distracted        |     1 |     1 |     1 ||     3
Armor: Robe              |    10 |     2 |    18 ||    30
       Leather armour    |       |    10 |       ||    10
Dodge: Dodged            |    48 |    36 |   123 ||   207

Table legend: (Time is in decaauts)
 A = Elapsed time spent in this place.
 B = Non-inter-level travel time spent in this place.
 C = Inter-level travel time spent in this place.
 D = Time resting spent in this place.
 E = Time spent auto-exploring this place.
 F = Levels seen in this place.
 G = Mean time per level.
                   A        B        C        D        E       F      G
               +--------+--------+--------+--------+--------+-----+--------+
         Total |   6781 |   6460 |    321 |    722 |   4541 |   9 |  753.4 |
       Dungeon |   6364 |   6098 |    266 |    626 |   4387 |   7 |  909.1 |
        Temple |    203 |    148 |     55 |      0 |    125 |   1 |  203.0 |
        Bailey |    213 |    213 |      0 |     96 |     29 |   1 |  213.0 |
               +--------+--------+--------+--------+--------+-----+--------+

Top non-repeatable levels by time:
     D:5: 1670 daAuts
     D:6: 1209 daAuts
     D:1: 1036 daAuts
     D:2: 853 daAuts
     D:4: 786 daAuts
     D:3: 773 daAuts
  Bailey: 213 daAuts
  Temple: 203 daAuts
     D:7: 33 daAuts
